 Dungeon Crawl Stone Soup version 0.24.0-37-gcf1ca852f1 (webtiles) character file.

Game seed: 17457858024109927968, levelgen mode: deterministic

1750 Delamore the Cleaver (level 9, -3/70 HPs)
             Began as a Hill Orc Fighter on Nov 29, 2019.
             Was a Believer of Okawaru.
             Shot with an arrow by a centaur (7 damage)
             ... on level 9 of the Dungeon.
             The game lasted 00:08:38 (6430 turns).

Delamore the Cleaver (Hill Orc Fighter)             Turns: 6430, Time: 00:08:39

Health: -3/70      AC: 15    Str: 22    XL:     9   Next: 6%
Magic:  9/9        EV:  6    Int:  8    God:    Okawaru [**....]
Gold:   212        SH:  6    Dex: 10    Spells: 8/8 levels left

rFire    . . .     SeeInvis +   a - +0 war axe
rCold    . . .     Gourm    .   s - +2 buckler
rNeg     . . .     Faith    .   g - +0 plate armour
rPois    .         Spirit   .   B - +1 helmet {SInv}
rElec    .         Reflect  .   A - +1 cloak
rCorr    .         Harm     .   (no gloves)
MR       .....                  (no boots)
Stlth    ..........             (no amulet)
HPRegen  0.21/turn              (no ring)
MPRegen  0.11/turn              (no ring)

@: lethally poisoned (-3 -> -16), flying, drained, invisible
A: no striking features
a: Heroism, Renounce Religion


You were on level 9 of the Dungeon.
You worshipped Okawaru.
Okawaru was pleased with you.
You were not hungry.

You visited 1 branch of the dungeon, and saw 7 of its levels.
You also visited: Ossuary.

You collected 489 gold pieces.
You spent 277 gold pieces at shops.

Inventory:

Hand Weapons
 a - a +0 war axe (weapon)
Armour
 g - a +0 plate armour (worn)
 s - a +2 buckler (worn)
 A - a +1 cloak (worn)
 B - a +1 helmet of see invisible (worn)
Jewellery
 D - an uncursed ring of stealth {unknown}
Wands
 b - a wand of enslavement (12)
 C - a wand of digging (5)
Scrolls
 e - 2 scrolls of immolation
 h - 2 scrolls of enchant weapon
 i - 2 scrolls of remove curse
 j - 2 scrolls of teleportation {unknown}
 k - 2 scrolls of fear {unknown}
 n - 3 scrolls of random uselessness
 p - a scroll of torment {unknown}
 t - 3 scrolls of fog {unknown}
 v - 2 scrolls of identify
 y - a scroll of amnesia {unknown}
 F - a scroll of magic mapping {unknown}
 G - a scroll of acquirement {unknown}
Potions
 c - a potion of ambrosia {unknown}
 d - 6 potions of might
 l - 2 potions of lignification {unknown}
 m - 2 potions of brilliance {unknown}
 o - a potion of invisibility
 q - 4 potions of flight
 r - 3 potions of curing {unknown}
 u - a potion of berserk rage {unknown}
 w - 3 potions of heal wounds {unknown}
 x - a potion of degeneration {unknown}
 z - 2 potions of agility {unknown}
 E - a potion of haste {unknown}
Comestibles
 f - 11 rations
 H - a chunk of flesh


   Skills:
 - Level 3.6(2.8) Fighting
 + Level 14.2(13.1) Axes
 - Level 3.2(2.4) Armour
 - Level 3.2(2.4) Shields


You had 8 spell levels left.
You didn't know any spells.
Your spell library contained the following spells:

 Spells                   Type           Power        Failure   Level  Hunger
 Animate Skeleton         Necr           N/A          100%        1    ##.....
 Magic Dart               Conj           #...         100%        1    ##.....
 Pain                     Necr           #...         100%        1    ##.....
 Searing Ray              Conj           #.....       100%        2    ###....
 Dazzling Spray           Conj/Hex       #.....       100%        3    ####...
 Regeneration             Chrm/Necr      #.........   100%        3    ####...
 Vampiric Draining        Necr           #.........   100%        3    ####...
 Animate Dead             Necr           N/A          100%        4    #####..
 Force Lance              Conj/Tloc      #.......     100%        4    #####..
 Fulminant Prism          Conj/Hex       #.........   100%        4    #####..
 Iskenderun's Mystic Bla  Conj           #.......     100%        4    #####..


Dungeon Overview and Level Annotations

Branches:
Dungeon (6/15)             Temple (0/1) D:5         Ossuary (visited)

Altars:
Nemelex Xobeh
Okawaru
Trog

Shops:
D:4 %[*?   D:5 (


Message History

* * * LOW HITPOINT WARNING * * *
You feel sick.
The killer bee stings you but does no damage.
You block the killer bee's attack. The killer bee barely misses you.
The bullfrog barely misses you. The centaur hits you!
* * * LOW HITPOINT WARNING * * *
The killer bee barely misses you. x2; The killer bee closely misses you.
The bullfrog barely misses you.
The killer bee stings you but does no damage.
It was a potion of invisibility.
You fade into invisibility!
* * * LOW HITPOINT WARNING * * *
You feel sick.
The killer bee stings you but does no damage.
You block the killer bee's attack.
The killer bee stings you but does no damage. x2
The centaur barely misses you.
The centaur wields a +0 shortbow.
The centaur shoots an arrow.
The arrow barely misses the centaur.
The arrow hits you!
You die...

### ....#######
....#.....#
..........######
.......yyF......
...>...y@cc..(..
...#.†y##......
#...# .....
##..# .... #..#
... #..# .. #..#
. #..# #..#


You could see a bullfrog, 2 centaurs and 4 killer bees.

Vanquished Creatures
  Grinder (D:5)
  Duvessa (D:4)
  An ogre (D:4)
  A bullfrog (D:6)
  Dowan (D:4)
  A wyvern skeleton (D:6)
  A water moccasin zombie (D:5)
  2 killer bees (D:9)
  5 wights (D:6)
  2 crimson imps
  5 orc priests
  5 orc wizards
  A bullfrog skeleton (D:4)
  4 worker ants
  An iguana (D:5)
  A big kobold zombie (Ossuary)
  8 mummies (Ossuary)
  6 adders
  4 gnolls (D:5)
  2 river rats (D:4)
  A shadow imp (D:4)
  An ooze (D:1)
  An adder skeleton (D:4)
  A worm (D:3)
  2 dart slugs
  8 leopard geckos
  20 orcs
  10 giant cockroaches
  A gnoll zombie (Ossuary)
  9 jackals
  A quokka (D:3)
  4 bats
  6 frilled lizards
  A giant cockroach zombie (D:5)
  2 goblins
  4 hobgoblin zombies (Ossuary)
  3 kobolds (D:3)
  2 kobold zombies (Ossuary)
  A leopard gecko skeleton (D:4)
  A quokka skeleton (D:4)
  2 rats
134 creatures vanquished.

Notes
Turn   | Place    | Note
-------+----------+-------------------------------------------
     0 | D:1      | Delamore the Hill Orc Fighter began the quest for the Orb.
     0 | D:1      | Reached XP level 1. HP: 19/19 MP: 1/1
   304 | D:1      | Reached skill level 3 in Axes
   428 | D:1      | Reached XP level 2. HP: 26/26 MP: 2/2
   799 | D:2      | Reached skill level 4 in Axes
  1534 | D:3      | Reached XP level 3. HP: 31/31 MP: 3/3
  1546 | D:3      | Reached skill level 5 in Axes
  1684 | D:3      | Reached XP level 4. HP: 36/39 MP: 4/4
  1706 | D:3      | Reached skill level 6 in Axes
  1897 | D:3      | Reached XP level 5. HP: 41/45 MP: 5/5
  2109 | D:3      | Reached skill level 7 in Axes
  2215 | D:3      | Found an iron altar of Okawaru.
  2223 | D:3      | Became a worshipper of Warmaster Okawaru
  2285 | D:3      | Reached skill level 8 in Axes
  2285 | D:3      | Reached XP level 6. HP: 47/51 MP: 6/6
  2956 | D:4      | Reached skill level 9 in Axes
  3012 | D:4      | Found Hujoiph's Assorted Antiques.
  3066 | D:4      | Bought a scroll labeled MUIRGH SIHUXI for 21 gold pieces
  3066 | D:4      | Bought a scroll labeled JENYAM CAZAMN for 21 gold pieces
  3066 | D:4      | Bought a scroll labeled JENYAM CAZAMN for 21 gold pieces
  3171 | D:4      | Found Qilalaxao's Food Emporium.
  3189 | D:4      | Found a sand-covered staircase.
  3193 | Ossuary  | Entered an ossuary
  3220 | Ossuary  | Reached XP level 7. HP: 41/57 MP: 7/7
  3245 | Ossuary  | Reached * piety under Okawaru
  3245 | Ossuary  | Reached skill level 10 in Axes
  3908 | D:4      | Found Yfumesot's Magic Scroll Emporium.
  4027 | D:4      | Found Vys Alah's Armour Emporium.
  4047 | D:4      | Bought a +1 helmet of see invisible for 214 gold pieces
  4480 | D:4      | Noticed Duvessa
  4481 | D:4      | Noticed Dowan
  4485 | D:4      | Killed Duvessa
  4485 | D:4      | Reached skill level 11 in Axes
  4500 | D:4      | Killed Dowan
  4500 | D:4      | Reached XP level 8. HP: 15/64 MP: 8/8
  4786 | D:5      | Entered Level 5 of the Dungeon
  4882 | D:5      | Found a staircase to the Ecumenical Temple.
  4885 | D:5      | Found a bloodstained altar of Trog.
  4922 | D:5      | Reached skill level 12 in Axes
  4958 | D:5      | Noticed Grinder
  4962 | D:5      | Paralysed by Grinder for 6 turns
  4985 | D:5      | Killed Grinder
  4985 | D:5      | Reached ** piety under Okawaru
  5302 | D:5      | Found Cixzeipn's Antique Weapon Shoppe.
  5580 | D:5      | Reached skill level 13 in Axes
  6165 | D:6      | Reached skill level 14 in Axes
  6165 | D:6      | Reached XP level 9. HP: 68/70 MP: 9/9
  6355 | D:6      | Found a sparkling altar of Nemelex Xobeh.
  6420 | D:6      | You fall into a shaft and drop 3 floors!
  6430 | D:9      | Shot with an arrow by a centaur

Levels and vault maps discovered:
D:1:      lemuel_arrival_cross, layout_basic
D:2:      layout_basic, serial_rivers, chequers_serial_rivers_room_a,
          chequers_serial_rivers_room_b, chequers_serial_rivers_micro_d,
          chequers_serial_rivers_room_a, chequers_serial_rivers_micro_a,
          minmay_misc_feat_secret_circle
D:3:      layout_basic, lemuel_coloured_pillars_altar,
          chequers_serial_rivers_large_a, minmay_fractal_squares_5
D:4:      layout_loops_cross, lightli_ossuary_entry_decrepit_ruins,
          gup_sewer_entry_spiral, serial_shops, shop_fountains, shop, shop,
          nicolae_shop_waterfront, minmay_misc_feat_chi, uniq_duvessa
D:5:      layout_loops_ring, bloody_trog, minmay_temple_entry_mini_moons,
          first_ration, serial_shops, nicolae_shop_trees, uniq_grinder
D:6:      layout_basic, nicolae_overflow_hidden_temple
D:9:      layout_basic, grunt_dithmenos_smoke_and_mirrors, lemuel_crystal_altar,
          orc_0_dummy, special_room [special_room_orc], basic_altar,
          minmay_joined_circles

Skill      XL: |  1  2  3  4  5  6  7  8 |
---------------+-------------------------+-----
Axes           | 3 4 5 6 8 9 11 14 | 14.2
Fighting       | |  3.6
Armour         | |  3.2
Shields        | |  3.2

Action                   |  1- 3 |  4- 6 |  7- 9 || total
-------------------------+-------+-------+-------++-------
Melee: War axe           |    82 |   159 |   243 ||   484
  Use: Scroll            |       |     4 |       ||     4
       Potion            |       |       |     2 ||     2
  Eat: Chunk             |     2 |     6 |    10 ||    18
Armor: Plate armour      |    53 |    90 |   157 ||   300
Dodge: Dodged            |     8 |    28 |    58 ||    94
Block: Shield            |    54 |    66 |       ||   120
       Buckler           |       |    21 |    63 ||    84
